AoeStats
← Claudito10

Black Forest

510011242Analyzed
3v3 RM · 2d ago on Sep 29, 2026· 70m 28s· 6 players
Game mode
Random Map
Map size
Normal (6 player)
Population
200
Speed
Normal
Resources
Standard
Victory
Conquest
Starting age
Dark Age
Ending age
Imperial Age
RankedLock teamsTeams togetherTeam positionsShared explorationLock speedFull tech treeHidden civsTurbo modeCheats
Victory
Defeat
🇨🇱 Vietnamese · Chile
508
+29
🇦🇷 Franks · Argentina
447
+22
🇦🇷 Turks · Argentina
391
+24
🇦🇷 Khmer · Argentina
594
-22
🇫🇷 Italians · France
590
-22
🇧🇷 Khmer · Brazil
550
-21
RoberDS1985
18:28 Feudal Age
19:08 Horse Collar
19:43 Double-Bit Axe
28:14 Castle Age
26:39 Man-at-Arms
29:33 Caravan
29:33 Gold Mining
29:34 Stone Mining
34:18 Wheelbarrow
34:12 Ballistics
34:04 Fortified Wall
33:37 Long Swordsman
36:34 Bow Saw
38:28 Hand Cart
38:54 Heavy Plow
48:45 Imperial Age
46:45 Elite Skirmisher
49:02 Cavalier
51:31 Chemistry
50:23 Guard Tower
51:09 Heavy Scorpion
53:10 Heated Shot
55:49 Masonry
65:43 Elite Ballista Elephant
libertecyclique
10:41 Feudal Age
8:59 Loom
11:02 Horse Collar
11:33 Double-Bit Axe
15:05 Wheelbarrow
14:17 Town Watch
20:04 Castle Age
21:56 Scale Barding Armor
22:02 Forging
23:05 Hand Cart
22:51 Town Patrol
29:07 Imperial Age
26:47 Murder Holes
27:13 Ballistics
29:10 Heavy Plow
30:03 Chain Barding Armor
30:19 Iron Casting
29:40 Fletching
31:46 Plate Barding Armor
31:46 Illumination
31:40 Block Printing
33:01 Caravan
34:50 Silk Road
34:40 Elite Genoese Crossbowman
37:54 Conscription
40:11 Pirotechnia
41:52 Hoardings
44:07 Squires
46:23 Thumb Ring
45:41 Crossbowman
46:22 Bodkin Arrow
46:28 Padded Archer Armor
47:33 Chemistry
46:22 Treadmill Crane
46:54 Masonry
47:01 Fortified Wall
46:38 Arrowslits
47:20 Arbalester
49:46 Bombard Tower
49:57 Architecture
50:13 Bow Saw
50:07 Bracer
50:24 Leather Archer Armor
56:03 Bloodlines
55:57 Husbandry
55:20 Light Cavalry
56:44 Hussar
FolaPR
1:46 Loom
10:56 Feudal Age
12:04 Double-Bit Axe
18:59 Castle Age
18:00 Horse Collar
24:35 Forging
24:25 Scale Mail Armor
24:31 Scale Barding Armor
24:27 Padded Archer Armor
24:18 Fletching
25:07 Ballistics
26:19 Bow Saw
27:08 Iron Casting
26:49 Chain Mail Armor
26:03 Crossbowman
29:02 Elite Skirmisher
30:13 Murder Holes
35:04 Husbandry
35:15 Bloodlines
34:26 Light Cavalry
36:57 Wheelbarrow
40:00 Gold Mining
40:01 Stone Mining
40:45 Chain Barding Armor
40:21 Bodkin Arrow
40:42 Leather Archer Armor
41:57 Tusk Swords
46:53 Man-at-Arms
60:54 Imperial Age
62:35 Pikeman
62:36 Long Swordsman
63:03 Arson
62:44 Heavy Scorpion
63:00 Cavalier
63:01 Hussar
65:35 Parthian Tactics
64:30 Heavy Cavalry Archer
64:31 Arbalester
Claudito10
7:38 Loom
12:31 Feudal Age
13:48 Wheelbarrow
13:06 Double-Bit Axe
15:41 Town Watch
22:39 Gold Mining
22:40 Stone Mining
26:12 Castle Age
27:22 Hand Cart
27:09 Town Patrol
30:50 Stone Shaft Mining
35:06 Ballistics
35:25 Treadmill Crane
36:10 Chatras
36:35 Bow Saw
39:12 Imperial Age
37:19 Caravan
37:38 Fletching
37:51 Padded Archer Armor
38:33 Bodkin Arrow
38:55 Forging
38:47 Scale Mail Armor
38:53 Scale Barding Armor
39:37 Elite Rattan Archer
40:59 Bracer
42:55 Paper Money
44:11 Leather Archer Armor
45:09 Chemistry
48:23 Ring Archer Armor
47:20 Elite Battle Elephant
53:43 Husbandry
53:54 Bloodlines
68:34 Capped Ram
Bolivian Guy
16:27 Feudal Age
17:23 Horse Collar
19:31 Wheelbarrow
18:49 Double-Bit Axe
25:44 Castle Age
26:55 Heavy Plow
27:08 Bow Saw
28:33 Hand Cart
28:52 Caravan
35:25 Imperial Age
35:36 Town Watch
36:26 Stone Mining
36:29 Gold Mining
38:15 Two-Man Saw
37:59 Gold Shaft Mining
37:26 Fletching
37:38 Padded Archer Armor
37:38 Loom
38:35 Town Patrol
38:53 Murder Holes
38:58 Guard Tower
42:17 Bombard Tower
42:28 Guilds
42:49 Coinage
46:44 Keep
49:02 Bodkin Arrow
49:22 Leather Archer Armor
50:46 Squires
52:28 Banking
62:38 Capped Ram
Elshinobishileno
0:44 Loom
14:56 Feudal Age
16:13 Wheelbarrow
17:30 Double-Bit Axe
19:43 Scale Barding Armor
20:23 Forging
20:15 Scale Mail Armor
21:16 Stone Mining
22:14 Gold Mining
27:52 Castle Age
29:36 Bow Saw
30:03 Gold Shaft Mining
31:32 Chain Mail Armor
31:53 Iron Casting
35:53 Imperial Age
34:54 Caravan
35:25 Coinage
37:45 Plate Mail Armor
38:15 Blast Furnace
38:12 Hand Cart
39:08 Town Watch
43:35 Town Patrol
44:18 Banking
44:33 Elite Throwing Axeman
47:25 Chain Barding Armor
65:59 Ballistics
66:40 Chemistry
65:52 Siphons
68:27 Plate Barding Armor
67:53 Padded Archer Armor
67:44 Fletching
69:14 Conscription
69:33 Hoardings
Connection lost

Rejoining the realm…

Still unreachable

The connection could not be restored.

Session expired

The server has moved on; the page needs a fresh start.